 Dungeon Crawl Stone Soup version 0.27-a0-40-g5f2be0e231 (webtiles) character file.

Game seed: 5687402342282365265

10 jestyr24 the Skirmisher (level 2, 0/24 HPs)
             Began as a Demonspawn Abyssal Knight on Jan 6, 2021.
             Was a Follower of Lugonu.
             Slain by a leopard gecko (1 damage)
             ... on level 1 of the Dungeon.
             The game lasted 00:03:22 (834 turns).

jestyr24 the Skirmisher (Demonspawn Abyssal Knight)  Turns: 834, Time: 00:03:23

Health: 0/24       AC:  3    Str: 12    XL:     2   Next: 10%
Magic:  3/3        EV: 11    Int: 13    God:    Lugonu [*.....]
Gold:   52         SH:  0    Dex: 12    Spells: 1/1 levels left

rFire    . . .     SeeInvis .   e - -2 whip (curse)
rCold    . . .     Faith    .   (no shield)
rNeg     . . .     Spirit   .   b - +0 leather armour
rPois    .         Reflect  .   (no helmet)
rElec    .         Harm     .   (no cloak)
rCorr    .         Rampage  .   (no gloves)
Will     .....                  (no boots)
Stlth    +.........             (no amulet)
HPRegen  0.08/turn              (no ring)
MPRegen  0.08/turn              (no ring)

@: no status effects
A: powered by death 1
a: Renounce Religion, Depart the Abyss


You were on level 1 of the Dungeon.
You worshipped Lugonu.
Lugonu was aware of your devotion.
You visited 1 branch of the dungeon, and saw 1 of its levels.
You visited the Abyss 1 time.

You collected 52 gold pieces.

Inventory:

Hand Weapons
 a - a +1 hand axe
 e - a cursed -2 whip (weapon)
Missiles
 c - 8 javelins
Armour
 b - a +0 leather armour (worn)
Potions
 d - a potion of flight {unknown}


   Skills:
 + Level 3.2 Fighting
 + Level 1.8 Axes
 + Level 2.1 Armour
 + Level 0.9 Dodging
 + Level 2.6 Invocations


You had one spell level left.
You didn't know any spells.
Your spell library was empty.

Dungeon Overview and Level Annotations

Branches:
Dungeon (1/15)

Altars:


Innate Abilities, Weirdness & Mutations

You regenerate a little health from kills.


Message History

The hobgoblin hits you with a +0 club.
You miss the leopard gecko.
The leopard gecko is severely wounded.
The leopard gecko closely misses you. The hobgoblin hits you with a +0 club.
You hit the hobgoblin but do no damage. The leopard gecko bites you.
The hobgoblin hits you with a +0 club. x2
* * * LOW HITPOINT WARNING * * *
The leopard gecko bites you.
* * * LOW HITPOINT WARNING * * *
You hit the hobgoblin but do no damage.
A rat comes into view.
The leopard gecko bites you.
* * * LOW HITPOINT WARNING * * *
The hobgoblin hits you but does no damage.
The hobgoblin barely misses you.
You closely miss the hobgoblin.
The leopard gecko bites you but does no damage.
The hobgoblin completely misses you. The hobgoblin barely misses you.
You hit the hobgoblin but do no damage. The leopard gecko bites you.
You die...

#.### .......#### #...
#.........# ...
#.........# ..### #
#.........# #...### ...
#.........#
......###....#.........#
#.......###....l.......#
....†.###......g@.>....#
#...###....####g.......#
#.###..... ##'###...#
#......... #.# #...# .#
##.#####... #.#
#...###.# #..........
#.#####..##.#
#...######+#
#.........#.# #.#.#
#...############..#.#
#.#.#
#.#.............#.#.#


You could see a leopard gecko and 2 hobgoblins.

Vanquished Creatures
  A ball python (D:1)
  2 goblins (D:1)
  2 hobgoblins (D:1)
  A frilled lizard (D:1)
  A kobold (D:1)
  3 rats (D:1)
10 creatures vanquished.

Notes
Turn   | Place    | Note
-------+----------+-------------------------------------------
     0 | Abyss:1  | jestyr24 the Demonspawn Abyssal Knight began the quest for
                  | the Orb.
     0 | Abyss:1  | Reached XP level 1. HP: 18/18 MP: 2/2
    43 | Abyss:1  | Noticed a small abomination
    56 | Abyss:1  | Noticed a small abomination
    60 | D:1      | Escaped the Abyss
   180 | D:1      | Reached * piety under Lugonu
   742 | D:1      | Gained mutation: You regenerate a little health from kills.
                  | [demonic ancestry]
   742 | D:1      | Reached XP level 2. HP: 20/24 MP: 3/3
   832 | D:1      | HP: 1/24 [leopard gecko (4)]
   834 | D:1      | Slain by a leopard gecko

Illustrated notes

Levels and vault maps discovered:
D:1:      matt_arrival_los_fun, layout_basic, minmay_unequal

Skill      XL: |  1 |
---------------+----+-----
Armour         | 2 |  2.1
Fighting       | |  3.2
Axes           | |  1.8
Dodging        | |  0.9
Invocations    | |  2.6

Action                   || total
-------------------------++-------
Melee: Whip              ||    35
       Hand axe          ||     6
Invok: Depart the Abyss  ||     1
  Use: Potion            ||     1
Armor: Leather armour    ||     7
Dodge: Dodged            ||    22

Table legend: (Time is in decaauts)
 A = Elapsed time spent in this place.
 B = Non-inter-level travel time spent in this place.
 C = Inter-level travel time spent in this place.
 D = Time resting spent in this place.
 E = Time spent auto-exploring this place.
 F = Levels seen in this place.
 G = Mean time per level.
                   A        B        C        D        E       F      G
               +--------+--------+--------+--------+--------+-----+--------+
         Total |    836 |    836 |      0 |    202 |    449 |   2 |  418.0 |
       Dungeon |    776 |    776 |      0 |    202 |    420 |   1 |  776.0 |
         Abyss |     60 |     60 |      0 |      0 |     29 |   1 |   60.0 |
               +--------+--------+--------+--------+--------+-----+--------+

Top non-repeatable levels by time:
     D:1: 776 daAuts
 Abyss:1: 60 daAuts
